IL
SYRACUSE SKYCHIEFS @ SCRANTON/WILKES-BARRE RED BARONS
08/13/2002
 
TOP OF THE 1ST
Syracuse SkyChiefs batting - Pitching for Scranton/Wilkes-Barre Red Barons : RHP Roberto H. Hernandez
Pitching: RHP Roberto H. Hernandez
Batting: LHB Roberto Escobar 0-0: Called Strike
0-1: Foul Ball, location: 3F
0-2: Ground out 4-3 (Groundball, 4, EV 80.0 MPH)
Batting: RHB Chin-Feng Chen 0-0: Ball
1-0: Ball
2-0: Swinging Strike
2-1: Ground out 3-1 (Groundball, 34, EV 92.5 MPH)
Batting: LHB Chris Singleton 0-0: Called Strike
0-1: Ball
1-1: SINGLE (Groundball, 4MD, EV 96.9 MPH)
Batting: LHB Brad Wilkerson 0-0: Foul Ball, location: 2F
0-1: Swinging Strike
0-2: Ball
1-2: Ball
2-2: Ball
3-2: SINGLE (Line Drive, 7S, EV 97.5 MPH)
Chris Singleton to second
Chris Singleton to third
Batting: RHB Marshall McDougall 0-0: Called Strike
0-1: Ball
1-1: Called Strike
1-2: SINGLE (Line Drive, 9S, EV 91.3 MPH)
Chris Singleton scores
Brad Wilkerson to second
Batting: RHB Scott Hairston 0-0: Ball
1-0: Ground out 1-3 (Groundball, 15S, EV 65.0 MPH)
Top of the 1st over - 1 run, 3 hits, 0 errors, 2 left on base; Syracuse 1 - Scranton/Wilkes-Barre 0
BOTTOM OF THE 1ST
Scranton/Wilkes-Barre Red Barons batting - Pitching for Syracuse SkyChiefs : RHP Joey Baker
Pitching: RHP Joey Baker
Batting: LHB Julio Reyes 0-0: Called Strike
0-1: DOUBLE (Flyball, 78XD, EV 110.0 MPH)
Batting: LHB Carl Crawford 0-0: Called Strike
0-1: Ball
1-1: Ball
2-1: Foul Ball, location: 2F
2-2: Fly out, F8 (Flyball, 8LM, EV 88.8 MPH)
Batting: LHB Laynce Nix 0-0: Ball
1-0: Swinging Strike
1-1: Foul Ball, location: 5FF
1-2: Ball
2-2: Ground out U3 (Groundball, 34, EV 108.8 MPH)
Julio Reyes to third
Batting: RHB Kevin West 0-0: Called Strike
0-1: Foul Ball, location: 2F
0-2: Ball
1-2: Ball
2-2: Fly out, F8 (Flyball, 8RM, EV 90.6 MPH)
Bottom of the 1st over - 0 runs, 1 hit, 0 errors, 1 left on base; Syracuse 1 - Scranton/Wilkes-Barre 0
TOP OF THE 2ND
Syracuse SkyChiefs batting - Pitching for Scranton/Wilkes-Barre Red Barons : RHP Roberto H. Hernandez
Batting: LHB Hee-seop Choi 0-0: Called Strike
0-1: Ball
1-1: Foul Ball, location: 5F
1-2: Ground out U3 (Groundball, 3, EV 86.9 MPH)
Batting: RHB Andy Dominique 0-0: Ball
1-0: Ball
2-0: DOUBLE (Line Drive, 8RXD, EV 106.9 MPH)
Batting: LHB Bruce Yard 0-0: Foul Ball, location: 7LSF
0-1: Foul Ball, location: 7LMF
0-2: Ball
1-2: Ball
2-2: SINGLE (Groundball, 6MD, EV 95.6 MPH)
Andy Dominique to third
Runner from 3rd tries for Home, SAFE, throw by CF to home
Batting: LHB Roberto Escobar 0-0: Grounds into double play, 4-6-3 (Groundball, 4, EV 90.0 MPH)
Top of the 2nd over - 1 run, 2 hits, 0 errors, 0 left on base; Syracuse 2 - Scranton/Wilkes-Barre 0
BOTTOM OF THE 2ND
Scranton/Wilkes-Barre Red Barons batting - Pitching for Syracuse SkyChiefs : RHP Joey Baker
Batting: RHB Enrique Gil 0-0: Ball
1-0: Called Strike
1-1: Ball
2-1: Called Strike
2-2: Strikes out looking
Batting: RHB Jordan Cortes 0-0: Ball
1-0: Ball
2-0: Called Strike
2-1: Called Strike
2-2: Ball
3-2: Ground out 6-3 (Groundball, 6, EV 106.3 MPH)
Batting: SHB Jason Botts 0-0: Called Strike
0-1: Ball
1-1: Foul Ball, location: 5FF
1-2: Ball
2-2: Ground out 6-3 (Groundball, 6, EV 84.4 MPH)
Bottom of the 2nd over - 0 runs, 0 hits, 0 errors, 0 left on base; Syracuse 2 - Scranton/Wilkes-Barre 0
TOP OF THE 3RD
Syracuse SkyChiefs batting - Pitching for Scranton/Wilkes-Barre Red Barons : RHP Roberto H. Hernandez
Batting: RHB Chin-Feng Chen 0-0: Ground out 5-3 (Groundball, 5, EV 105.0 MPH)
Batting: LHB Chris Singleton 0-0: Called Strike
0-1: Fly out, F6 (Popup, 6, EV 62.5 MPH)
Batting: LHB Brad Wilkerson 0-0: Ball
1-0: Called Strike
1-1: Ball
2-1: Fly out, F9 (Flyball, 9, EV 82.5 MPH)
Top of the 3rd over - 0 runs, 0 hits, 0 errors, 0 left on base; Syracuse 2 - Scranton/Wilkes-Barre 0
BOTTOM OF THE 3RD
Scranton/Wilkes-Barre Red Barons batting - Pitching for Syracuse SkyChiefs : RHP Joey Baker
Batting: LHB Garett Gentry 0-0: Ball
1-0: Ball
2-0: Called Strike
2-1: Ball
3-1: Called Strike
3-2: Foul Ball, location: 7LSF
3-2: Foul Ball, location: 2F
3-2: Foul Ball, location: 7LDF
3-2: Strikes out looking
Batting: LHB Terrell Merriman 0-0: Ball
1-0: Ball
2-0: Foul Ball, location: 5FF
2-1: Foul Ball, location: 2F
2-2: Ground out 4-3 (Groundball, 4, EV 88.8 MPH)
Batting: LHB Julio Reyes 0-0: Called Strike
0-1: Ball
1-1: Ground out 4-3 (Groundball, 4, EV 82.5 MPH)
Bottom of the 3rd over - 0 runs, 0 hits, 0 errors, 0 left on base; Syracuse 2 - Scranton/Wilkes-Barre 0
TOP OF THE 4TH
Syracuse SkyChiefs batting - Pitching for Scranton/Wilkes-Barre Red Barons : RHP Roberto H. Hernandez
Batting: RHB Marshall McDougall 0-0: Foul Ball, location: 2RF
0-1: Ball
1-1: DOUBLE (Line Drive, 89XD, EV 98.1 MPH)
Batting: RHB Scott Hairston 0-0: Called Strike
0-1: Ground out 4-3 (Groundball, 4, EV 103.1 MPH)
Marshall McDougall to third
Batting: LHB Hee-seop Choi 0-0: Ball
1-0: Swinging Strike
1-1: Swinging Strike
1-2: Foul Ball, location: 7LSF
1-2: Ball
2-2: Strikes out swinging
Batting: RHB Andy Dominique 0-0: Ball
1-0: Ball
2-0: Fly out, F5 (Popup, 5SF, EV 79.4 MPH)
Top of the 4th over - 0 runs, 1 hit, 0 errors, 1 left on base; Syracuse 2 - Scranton/Wilkes-Barre 0
BOTTOM OF THE 4TH
Scranton/Wilkes-Barre Red Barons batting - Pitching for Syracuse SkyChiefs : RHP Joey Baker
Batting: LHB Carl Crawford 0-0: Ball
1-0: SINGLE (Groundball, 4MD, EV 108.1 MPH)
Batting: LHB Laynce Nix 0-0: Called Strike
0-1: Swinging Strike
0-2: Fly out, F7 (Flyball, 7D, EV 86.9 MPH)
Batting: RHB Kevin West 0-0: Called Strike
0-1: Ball
1-1: 2-RUN HOME RUN (Flyball, 7LD, EV 92.5 MPH), Distance : 334 ft
Batting: RHB Enrique Gil 0-0: Foul Ball, location: 2F
0-1: Ball
1-1: Foul Ball, location: 9LSF
1-2: Ball
2-2: Strikes out swinging
Batting: RHB Jordan Cortes 0-0: Ball
1-0: Foul Ball, location: 5SF
1-1: Foul Ball, location: 2F
1-2: Ground out 4-3 (Groundball, 4M, EV 101.3 MPH)
Bottom of the 4th over - 2 runs, 2 hits, 0 errors, 0 left on base; Syracuse 2 - Scranton/Wilkes-Barre 2
TOP OF THE 5TH
Syracuse SkyChiefs batting - Pitching for Scranton/Wilkes-Barre Red Barons : RHP Roberto H. Hernandez
Batting: LHB Bruce Yard 0-0: Ball
1-0: Foul Ball, location: 7LSF
1-1: Swinging Strike
1-2: Ball
2-2: Ball
3-2: Foul Ball, location: 2F
3-2: SINGLE (Line Drive, 6D, EV 102.5 MPH)
Batting: LHB Roberto Escobar 0-0: SINGLE (Line Drive, 56D, EV 95.0 MPH)
Bruce Yard to second
Batting: RHB Chin-Feng Chen 0-0: Ball
1-0: SINGLE (Line Drive, 4MD, EV 106.3 MPH)
Bruce Yard to third
Roberto Escobar to second
Runner from 3rd tries for Home, SAFE, throw by CF to trailing runner, OUT at third! 8-3-5
Batting: LHB Chris Singleton 0-0: Ball
1-0: Fly out, F8 (Flyball, 8RXD, EV 100.6 MPH)
Batting: LHB Brad Wilkerson 0-0: Ball
1-0: Ball
2-0: Ball
3-0: Called Strike
3-1: Base on Balls
Chin-Feng Chen to second
Batting: RHB Marshall McDougall 0-0: Ball
1-0: DOUBLE (Line Drive, 7LS, EV 100.6 MPH)
Chin-Feng Chen scores
Brad Wilkerson to third
Runner from 3rd tries for Home, throw by LF and OUT! 7-6-2
Top of the 5th over - 2 runs, 4 hits, 0 errors, 1 left on base; Syracuse 4 - Scranton/Wilkes-Barre 2
BOTTOM OF THE 5TH
Scranton/Wilkes-Barre Red Barons batting - Pitching for Syracuse SkyChiefs : RHP Joey Baker
Batting: SHB Jason Botts 0-0: Swinging Strike
0-1: Ball
1-1: Called Strike
1-2: Ground out 4-3 (Groundball, 4, EV 108.1 MPH)
Batting: LHB Garett Gentry 0-0: Ball
1-0: Foul Ball, location: 7LDF
1-1: Foul Ball, location: 2F
1-2: Strikes out swinging
Batting: LHB Terrell Merriman 0-0: Called Strike
0-1: Ball
1-1: Ball
2-1: Foul Ball, location: 5FF
2-2: Fly out, F9 (Flyball, 89S, EV 85.0 MPH)
Bottom of the 5th over - 0 runs, 0 hits, 0 errors, 0 left on base; Syracuse 4 - Scranton/Wilkes-Barre 2
TOP OF THE 6TH
Syracuse SkyChiefs batting - Pitching for Scranton/Wilkes-Barre Red Barons : RHP Roberto H. Hernandez
Batting: RHB Scott Hairston 0-0: Called Strike
0-1: Ball
1-1: TRIPLE (Line Drive, 89XD, EV 88.8 MPH)
Batting: LHB Hee-seop Choi 0-0: Ball
1-0: Foul Ball, location: 7LSF
1-1: Ball
2-1: Ground out 4-3 (Groundball, 4, EV 83.1 MPH)
Batting: RHB Andy Dominique 0-0: Called Strike
0-1: Swinging Strike
0-2: Strikes out swinging
Batting: LHB Bruce Yard 0-0: Ball
1-0: Foul Ball, location: 7LSF
1-1: SINGLE (Flyball, 78S, EV 96.9 MPH)
Scott Hairston scores
Pitching: RHP Jesus Ramos
Batting: LHB Roberto Escobar 0-0: Called Strike
0-1: Ball
1-1: Ball
2-1: DOUBLE (Flyball, 89XD, EV 103.1 MPH)
Bruce Yard to third
Batting: RHB Chin-Feng Chen 0-0: Swinging Strike
0-1: Foul Ball, location: 2F
0-2: Ball
1-2: Ball
2-2: Foul Ball, location: 9LMF
2-2: Foul Ball, location: 23FF
2-2: Strikes out swinging
Top of the 6th over - 1 run, 3 hits, 0 errors, 2 left on base; Syracuse 5 - Scranton/Wilkes-Barre 2
BOTTOM OF THE 6TH
Scranton/Wilkes-Barre Red Barons batting - Pitching for Syracuse SkyChiefs : RHP Joey Baker
Batting: LHB Julio Reyes 0-0: Called Strike
0-1: Fly out, F5 (Popup, 5S, EV 83.1 MPH)
Batting: LHB Carl Crawford 0-0: Called Strike
0-1: Foul Ball, location: 2F
0-2: Strikes out swinging
Batting: LHB Laynce Nix 0-0: Foul Ball, location: 2F
0-1: SINGLE (Line Drive, 5D, EV 96.3 MPH)
Batting: RHB Kevin West 0-0: Called Strike
Laynce Nix steals 2nd base
0-1: Ball
1-1: Ball
2-1: Ball
3-1: Ground out 5-3 (Groundball, 56, EV 108.1 MPH)
Bottom of the 6th over - 0 runs, 1 hit, 0 errors, 1 left on base; Syracuse 5 - Scranton/Wilkes-Barre 2
TOP OF THE 7TH
Syracuse SkyChiefs batting - Pitching for Scranton/Wilkes-Barre Red Barons : RHP Jesus Ramos
Batting: LHB Chris Singleton 0-0: Ground out 1-3 (Groundball, 23, EV 70.0 MPH)
Batting: LHB Brad Wilkerson 0-0: Called Strike
0-1: Fly out, F8 (Line Drive, 8RM, EV 98.1 MPH)
Batting: RHB Marshall McDougall 0-0: SINGLE (Groundball, 34D, EV 106.3 MPH)
Batting: RHB Scott Hairston 0-0: Foul Ball, location: 2F
0-1: Ground out 5-3 (Groundball, 5S, EV 86.3 MPH)
Top of the 7th over - 0 runs, 1 hit, 0 errors, 1 left on base; Syracuse 5 - Scranton/Wilkes-Barre 2
BOTTOM OF THE 7TH
Scranton/Wilkes-Barre Red Barons batting - Pitching for Syracuse SkyChiefs : RHP Joey Baker
Pitching: RHP Dustin Robinson
Batting: RHB Enrique Gil 0-0: Called Strike
0-1: Ball
1-1: Ground out 2-3 (Groundball, 2R, EV 65.0 MPH)
Batting: RHB Jordan Cortes 0-0: Ball
1-0: Foul Ball, location: 2F
1-1: Foul Ball, location: 2RF
1-2: Foul Ball, location: 25F
1-2: Ball
2-2: Ball
3-2: Base on Balls
Batting: SHB Jason Botts 0-0: Called Strike
0-1: Ball
1-1: Swinging Strike
1-2: Strikes out swinging
Batting: LHB Garett Gentry 0-0: Fielders Choice at 2nd, 5-4 (Groundball, 5, EV 104.4 MPH)
Bottom of the 7th over - 0 runs, 0 hits, 0 errors, 1 left on base; Syracuse 5 - Scranton/Wilkes-Barre 2
TOP OF THE 8TH
Syracuse SkyChiefs batting - Pitching for Scranton/Wilkes-Barre Red Barons : RHP Jesus Ramos
Batting: LHB Hee-seop Choi 0-0: Ball
1-0: DOUBLE (Line Drive, 89XD, EV 98.8 MPH)
Batting: RHB Andy Dominique 0-0: Ball
1-0: Foul Ball, location: 9LMF
1-1: Foul Ball, location: 2F
1-2: Foul Ball, location: 9LSF
1-2: Reached on error, E4 (Groundball, 34, EV 105.0 MPH)
Hee-seop Choi to third
Pitching: LHP Dan Neil
Batting: LHB Bruce Yard 0-0: Called Strike
0-1: Ball
1-1: Foul Ball, location: 25F
1-2: Fly out, F8 (Flyball, 8LS, EV 81.9 MPH)
Runner from 3rd tags up, SCORES, throw by CF
Batting: LHB Roberto Escobar 0-0: Ball
1-0: Fielders Choice at 2nd, 1-6 (Groundball, 13S, EV 64.4 MPH)
Batting: RHB Chin-Feng Chen 0-0: Foul Ball, location: 7LDF
0-1: Ball
1-1: Ball
2-1: Foul Ball, location: 25FF
2-2: Foul Ball, location: 2F
2-2: Strikes out swinging
Top of the 8th over - 1 run, 1 hit, 1 error, 1 left on base; Syracuse 6 - Scranton/Wilkes-Barre 2
BOTTOM OF THE 8TH
Scranton/Wilkes-Barre Red Barons batting - Pitching for Syracuse SkyChiefs : RHP Dustin Robinson
Now in LF: Chin-Feng Chen
Now in CF: Ildelfonso Lara
Now in RF: Roberto Escobar
Batting: LHB Terrell Merriman 0-0: Ground out 4-3 (Groundball, 4, EV 102.5 MPH)
Batting: LHB Julio Reyes 0-0: Foul Ball, location: 3F
0-1: Called Strike
0-2: Foul Ball, location: 2F
0-2: Ball
1-2: Ball
2-2: Ground out 4-3 (Groundball, 34, EV 86.3 MPH)
Batting: LHB Carl Crawford 0-0: Called Strike
0-1: SINGLE (Line Drive, 78S, EV 110.0 MPH)
Pitching: LHP Jeremy Robinson
Now in LF: Ildelfonso Lara
Now in CF: Jeremy Harts
Batting: LHB Laynce Nix 0-0: Ball
1-0: Swinging Strike
1-1: Foul Ball, location: 23FF
1-2: Ball
2-2: Foul Ball, location: 3F
2-2: Ball
3-2: Fly out, F8 (Flyball, 78M, EV 76.3 MPH)
Bottom of the 8th over - 0 runs, 1 hit, 0 errors, 1 left on base; Syracuse 6 - Scranton/Wilkes-Barre 2
TOP OF THE 9TH
Syracuse SkyChiefs batting - Pitching for Scranton/Wilkes-Barre Red Barons : LHP Dan Neil
Batting: RHB Ildelfonso Lara 0-0: SINGLE (Line Drive, 8LS, EV 94.4 MPH)
Batting: LHB Brad Wilkerson 0-0: Fly out, F7 (Line Drive, 7S, EV 108.1 MPH)
Batting: RHB Marshall McDougall 0-0: Ball
1-0: Ball
2-0: Foul Ball, location: 7LSF
2-1: Fly out, F7 (Flyball, 7D, EV 106.9 MPH)
Batting: RHB Scott Hairston 0-0: Called Strike
0-1: Fly out, F6 (Popup, 6MS, EV 81.9 MPH)
Top of the 9th over - 0 runs, 1 hit, 0 errors, 1 left on base; Syracuse 6 - Scranton/Wilkes-Barre 2
BOTTOM OF THE 9TH
Scranton/Wilkes-Barre Red Barons batting - Pitching for Syracuse SkyChiefs : LHP Jeremy Robinson
Batting: RHB Kevin West 0-0: Ball
1-0: Ball
2-0: SINGLE (Groundball, 56D, EV 96.9 MPH)
Batting: RHB Enrique Gil 0-0: Called Strike
0-1: Grounds into double play, 4-6-3 (Groundball, 4, EV 101.9 MPH)
Batting: RHB Jordan Cortes 0-0: Foul Ball, location: 2F
0-1: Foul Ball, location: 7LSF
0-2: Ball
1-2: Ball
2-2: Foul Ball, location: 9LDF
2-2: Strikes out looking
Bottom of the 9th over - 0 runs, 1 hit, 0 errors, 0 left on base; Syracuse 6 - Scranton/Wilkes-Barre 2
Tuesday, July 23rd , 2024 - OOTP Baseball 25.6 Build 71